Cogmind - Beta 13 @@@ ROGUE MODE // 2024.04.10 @ 14:37:38 Player: MO-55 Result: Destroyed by L0-AM3(z) with Zionite Laser-S Performance ------------- Evolutions (3) 1500 Regions Visited (8) 1600 Robots Destroyed (95) 475 Value Destroyed (3216) 3216 Prototype IDs (11) 220 Alien Tech Used (0) 0 Bonus (25) 25 TOTAL SCORE: 7036 Bonus ------- High Alert Combat Kills 4 Follower Combat Kills 21 Cogmind --------- Core Integrity 0/700 Matter 194/300 Energy 103/290 System Corruption 0% Temperature Cool (9) Movement Rolling (150) Ox4 Location -7/Deep Caves Parts ------- > --- POWER (1) -------- Improved Deuterium Engine > --- PROPULSION (4) --- Armored Wheel Armored Wheel > --- UTILITY (6) ------ Huge Storage Unit Melee Analysis Suite Melee Analysis Suite Melee Analysis Suite Experimental Armor Integrity Analyzer Microactuators > --- WEAPON (2) ------- Chainsword Heavy Pick > --- INVENTORY (25) --- Micro Nuclear Core Machine Analyzer Transmission Jammer EM Disruption Field Improved Grenade Launcher Missile Launcher Heavy Missile Launcher Precision Grenade Launcher Chainsword Chainsword Chainsword Peak State ------------ > --- POWER ------------ Neutrino Core > --- PROPULSION ------- Armored Wheel Armored Wheel Armored Huge Wheel > --- UTILITY ---------- Huge Storage Unit Experimental Terrain Scan Processor Melee Analysis Suite Improved Melee Analysis Suite Experimental Armor Integrity Analyzer Improved Medium Armor Plating > --- WEAPON ----------- Chainsword Great Axe > --- INVENTORY -------- Improved Deuterium Engine Reinforced Deuterium Engine Micro Nuclear Core Armored Wheel Armored Huge Wheel Machine Analyzer Melee Analysis Suite Melee Analysis Suite Armor Integrity Analyzer Armor Integrity Analyzer Microactuators Transmission Jammer Layered Medium Armor Plating EM Disruption Field Improved Shield Generator Improved Grenade Launcher Missile Launcher Heavy Missile Launcher Precision Grenade Launcher Chainsword Chainsword Chainsword Heavy Pick [Rating: 65] Favorites ----------- Power Improved Deuterium Engine Engine Improved Deuterium Engine Power Core Neutrino Core Propulsion Armored Wheel Treads Light Treads Leg Aluminum Leg Wheel Armored Wheel Hover Unit Improved Hover Unit Flight Unit Improved Flight Unit Utility Melee Analysis Suite Device Microactuators Storage Medium Storage Unit Processor Melee Analysis Suite Hackware Experimental Hacking Suite Protection Hardened Medium Armor Plating Weapon Great Axe Energy Gun Medium Laser Energy Cannon Subdweller Beam Cannon Ballistic Gun Subdweller Machine Gun Ballistic Cannon Light Cannon Launcher Mini Grenade Launcher Slashing Weapon Great Axe Piercing Weapon Heavy Pick Build | -11 -10 -10 -8 -7 -7 -7 -7 -7 ------- Run | Yrd Mat Sub Mat Fac Low Low Zio Dee Slots Evolved 6 | . . . 4 2 . . . . Power . | . . . . . . . . . Propulsion 2 | . . . 2 . . . . . Utility 4 | . . . 2 2 . . . . Weapon . | . . . . . . . . . Parts Attached 184 | 8 3 40 52 37 11 7 17 9 Power 18 | 1 1 6 4 3 1 . . 2 Engine 16 | 1 1 5 4 3 . . . 2 Core 2 | . . 1 . . 1 . . . Reactor . | . . . . . . . . . Propulsion 70 | 2 . 11 29 19 2 3 2 2 Treads 19 | . . 7 12 . . . . . Leg 9 | 2 . . 3 4 . . . . Wheel 39 | . . 4 11 15 2 3 2 2 Hover 1 | . . . 1 . . . . . Flight 2 | . . . 2 . . . . . Utility 66 | 3 1 12 13 14 7 4 8 4 Device 25 | 2 . 8 2 4 5 1 2 1 Storage 6 | 1 1 1 2 1 . . . . Processor 14 | . . . 3 2 . 2 5 2 Hackware 1 | . . . . . . . 1 . Protection 20 | . . 3 6 7 2 1 . 1 Artifact . | . . . . . . . . . Weapon 30 | 2 1 11 6 1 1 . 7 1 Energy Gun 8 | 2 . 4 1 . . . 1 . Energy Cannon 1 | . . 1 . . . . . . Ballistic Gun 9 | . . 6 2 . . . 1 . Ballistic Cannon 1 | . 1 . . . . . . . Launcher 2 | . . . . . . . 2 . Special Weapon . | . . . . . . . . . Impact Weapon . | . . . . . . . . . Slashing Weapon 8 | . . . 3 1 1 . 3 . Piercing Weapon 1 | . . . . . . . . 1 Special Melee Weapon . | . . . . . . . . . Unidentified Prototypes 11 | . . 1 3 . . . 7 . Parts Lost 35 | . . 3 8 6 4 4 . 10 Power 4 | . . . 1 1 . . . 2 Propulsion 13 | . . 1 5 2 2 . . 3 Utility 14 | . . . 2 3 1 4 . 4 Weapon 4 | . . 2 . . 1 . . 1 Highest Loss Streak 10 | . . 2 2 4 2 3 . 10 To Critical Strikes . | . . . . . . . . . Average Slot Usage (%) 94 | . 100 93 97 92 91 91 91 91 Engine 7 | . 14 11 8 6 3 . . . Core 2 | . . 2 . . 3 7 7 6 Treads 5 | . . 7 13 . . . . . Leg 5 | . 28 5 8 . . . . . Wheel 16 | . . 14 12 23 22 22 23 22 Device 7 | . 14 8 1 8 7 6 11 6 Storage 7 | . 14 8 5 7 7 7 7 7 Processor 11 | . . . 20 19 15 15 15 16 Protection 7 | . . 5 8 8 15 15 8 6 Energy Gun 3 | . 14 8 1 . . . . . Ballistic Gun 4 | . . 16 1 . . . . . Ballistic Cannon 1 | . 13 . . . . . . . Slashing Weapon 9 | . . . 15 15 15 15 14 14 Naked Turns . | . . . . . . . . . Heaviest Build 122 | 13 21 29 58 115 122 122 120 120 Greatest Support 60 | 20 20 40 60 52 52 52 52 24 Greatest Overweight (x) 7 | 1 1 1 7 3 2 3 4 4 Average Overweight (x) 1 | . . . 1 1 2 2 2 4 Largest Inventory Capacity 25 | 8 10 10 20 25 25 25 25 25 Average Capacity 15 | 6 9 8 9 20 25 25 25 25 Most Carried 25 | 7 9 10 18 24 24 24 25 21 Average Carried 13 | 4 8 7 7 19 22 22 22 20 Final Capacity 25 | 8 10 10 20 25 25 25 25 25 Final Carried 23 | 7 9 8 18 23 21 22 21 11 Class Distribution -------------------- 60% | Gladiator 29% | Mutant 9% | Scavenger-Mutant Dominant Class ---------------- Mutant | -10/Materials Mutant | -10/Subcaves Gladiator | -8/Materials Gladiator | -7/Factory Gladiator | -7/Lower Caves Gladiator | -7/Lower Caves Gladiator | -7/Zion Gladiator | -7/Deep Caves Resources | -11 -10 -10 -8 -7 -7 -7 -7 -7 ----------- Run | Yrd Mat Sub Mat Fac Low Low Zio Dee Matter Collected 2225 | 263 28 630 588 385 150 77 60 44 Remotely . | . . . . . . . . . Salvage Created 4149 | 17 47 549 1655 1116 223 430 . 112 Parts 227 | 4 5 40 85 63 17 8 . 5 Haulers Intercepted 1 | . . . 1 . . . . . Recyclers Shooed 1 | . . . 1 . . . . . Parts Field Recycled . | . . . . . . . . . Retrieved Matter . | . . . . . . . . . Parts Self-Destructed 44 | . . 19 . . 21 4 . . Prevented . | . . . . . . . . . Kills | -11 -10 -10 -8 -7 -7 -7 -7 -7 ------- Run | Yrd Mat Sub Mat Fac Low Low Zio Dee Combat Hostiles Destroyed 81 | . 2 13 31 21 7 3 . 4 Melee 58 | . . . 23 21 7 3 . 4 Guns 16 | . . 10 6 . . . . . Cannons 4 | . 2 2 . . . . . . AOE 2 | . . . 2 . . . . . Classes Destroyed 15 | 1 1 2 6 2 . 1 . 2 Worker 7 | . . . 7 . . . . . Tunneler 2 | 1 . . 1 . . . . . Hauler 1 | . . . 1 . . . . . Recycler 2 | . . . 2 . . . . . Mechanic 1 | . . . 1 . . . . . Watcher 4 | . . . 3 1 . . . . Swarmer 19 | . . . 12 1 6 . . . Grunt 28 | . 2 1 12 11 . 2 . . Brawler 2 | . . . . 2 . . . . Sentry 13 | . . 1 7 4 1 . . . Programmer 3 | . . . . 3 . . . . Subdweller 11 | . . 11 . . . . . . Z-Light 1 | . . . . . . . . 1 Packrat 3 | . . . . . . 3 . . Assembled 3 | . . . . . . . . 3 Mutant 1 | . . . . . . 1 . . Best Kill Streak 6 | 1 2 2 6 4 3 1 . 3 Combat Bots Only 4 | . 2 2 4 4 3 1 . 3 Max Kills in Single Turn 2 | 1 1 1 2 1 1 1 . 1 Gunslinging 1 | . . . 1 . . . . . Exploded 1 | . . . 1 . . . . . Melee 1 | . . . 1 1 1 1 . 1 Uniques/NPCs Destroyed . | . . . . . . . . . Combat | -11 -10 -10 -8 -7 -7 -7 -7 -7 -------- Run | Yrd Mat Sub Mat Fac Low Low Zio Dee Hostile Shots Fired 652 | . 8 80 159 200 80 23 . 102 Missed 174 | . 1 24 40 59 20 4 . 26 Damage Taken 7851 | . 74 1097 1686 1650 1022 305 . 2017 Core 1060 | . 10 167 181 190 76 . . 436 Absorbed by Shields 383 | . . . . 108 . 39 . 236 Regen/Repaired (Parts) 870 | . . . . 152 . . 718 . Core Remaining (%) 65 | 100 . 29 67 . . . . . Volleys Fired 96 | 1 5 72 18 . . . . . Largest 2 | 2 2 2 2 . . . . . Hottest 105 | 100 85 105 93 . . . . . Shots Fired 165 | 2 10 117 36 . . . . . Gun 147 | 2 5 104 36 . . . . . Cannon 18 | . 5 13 . . . . . . Launcher . | . . . . . . . . . Special . | . . . . . . . . . Kinetic 118 | . 5 91 22 . . . . . Thermal 22 | 2 5 15 . . . . . . Explosive . | . . . . . . . . . Electromagnetic 25 | . . 11 14 . . . . . Robot Hit Streak 14 | 1 4 13 14 . . . . . Robot Miss Streak 3 | . 1 3 3 . . . . . Penetration Max . | . . . . . . . . . Secondary Targets 1 | . . . 1 . . . . . Max Gunslinging Chain 1 | . . . 1 . . . . . Shots Hit Robots 314 | 1 7 73 111 78 21 16 . 7 Core Hits 118 | 1 3 23 47 27 6 6 . 5 Critical Kills 1 | . . 1 . . . . . . Critical Parts Destroyed 1 | . . 1 . . . . . . Critical Strikes 35 | . . 3 10 16 5 . . 1 Destroy 2 | . . 2 . . . . . . Blast 1 | . . 1 . . . . . . Sever 31 | . . . 10 16 5 . . . Impale 1 | . . . . . . . . 1 Melee Attacks 292 | . . . 115 111 27 25 1 13 Impact . | . . . . . . . . . Slashing 287 | . . . 115 111 27 25 1 8 Piercing 5 | . . . . . . . . 5 Sneak Attacks 17 | . . . 14 . . 3 . . Combat Hostiles . | . . . . . . . . . Follow-up Attacks 28 | . . . 7 14 5 2 . . Damage Inflicted 11530 | 12 128 1383 4921 3088 852 870 . 276 Guns 1725 | 12 36 1171 506 . . . . . Cannons 304 | . 92 212 . . . . . . Explosions 189 | . . . 189 . . . . . Melee 9312 | . . . 4226 3088 852 870 . 276 Ramming . | . . . . . . . . . Kinetic 1409 | . 92 1014 303 . . . . . Thermal 426 | 12 36 189 189 . . . . . Explosive . | . . . . . . . . . Electromagnetic 383 | . . 180 203 . . . . . Impact . | . . . . . . . . . Slashing 9204 | . . . 4226 3088 852 870 . 168 Piercing 108 | . . . . . . . . 108 Highest Corruption 7 | . . . . 7 7 1 1 . Average Corruption 4 | . . . . 5 6 1 1 . Corruption Purged 7 | . . . . . 7 . . . Corruption Blocked . | . . . . . . . . . Effects 50 | . . . . 22 21 6 1 . Message Errors 10 | . . . . 4 5 1 . . Matter Fused 15 | . . . . 6 8 1 . . Heat Flow Errors 9 | . . . . 2 4 2 1 . Energy Discharges 4 | . . . . 2 1 1 . . Parts Fused 1 | . . . . 1 . . . . Data Loss (minor) 8 | . . . . 4 3 1 . . Data Loss (major) 3 | . . . . 3 . . . . Overload Shots . | . . . . . . . . . Overflow Damage 821 | . . . 445 76 92 201 . 7 Projectiles . | . . . . . . . . . Explosions 26 | . . . 26 . . . . . Melee 795 | . . . 419 76 92 201 . 7 Knockbacks 7 | . 2 5 . . . . . . Impact . | . . . . . . . . . Kinetic 6 | . 1 5 . . . . . . Secondary 1 | . 1 . . . . . . . Self-Inflicted Damage 78 | . . . 78 . . . . . Shots 3 | . . . 3 . . . . . Rammed . | . . . . . . . . . Targets Rammed . | . . . . . . . . . Kicked . | . . . . . . . . . Crushed . | . . . . . . . . . Highest Temperature 455 | 39 126 56 455 212 260 257 161 14 Average Temperature 123 | 20 56 25 211 82 94 115 85 7 Received Heat Transfer 2235 | . 42 261 648 562 54 74 . 594 Effects 4 | . . . 4 . . . . . Shutdowns 1 | . . . 1 . . . . . Energy Bleed 1 | . . . 1 . . . . . Short Circuit 1 | . . . 1 . . . . . Damage (major) 1 | . . . 1 . . . . . Siege Activations . | . . . . . . . . . Robots Corrupted 1 | . . 1 . . . . . . Combat Hostiles 1 | . . 1 . . . . . . Parts Fried 2 | . . 1 1 . . . . . Impact Corruptions . | . . . . . . . . . Robots Melted . | . . . . . . . . . Combat Hostiles . | . . . . . . . . . Parts Melted 1 | . . 1 . . . . . . Heat Transferred 755 | 37 111 407 200 . . . . . Parts Sabotaged . | . . . . . . . . . Parts Stolen . | . . . . . . . . . Parts Stripped . | . . . . . . . . . Power Chain Reactions 3 | . . . 3 . . . . . Alert | -11 -10 -10 -8 -7 -7 -7 -7 -7 ------- Run | Yrd Mat Sub Mat Fac Low Low Zio Dee Peak Influence 487 | 5 50 . 487 262 . . . . Initial 59 | . 3 . 20 59 . . . . Average 100 | 1 5 . 148 95 . . . . Maximum Alert Level 2 | . . . 2 1 . . . . Low Security (%) 85 | 100 100 . 78 86 . . . . Level 1 13 | . . . 20 13 . . . . Level 2 . | . . . 1 . . . . . Level 3 . | . . . . . . . . . Level 4 . | . . . . . . . . . Level 5 . | . . . . . . . . . High Security . | . . . . . . . . . Max Security . | . . . . . . . . . Squads Dispatched 9 | . 2 . 2 5 . . . . Investigation 5 | . 1 . 2 2 . . . . Extermination 3 | . . . . 3 . . . . Reinforcement 1 | . 1 . . . . . . . Assault . | . . . . . . . . . Garrison . | . . . . . . . . . Intercept . | . . . . . . . . . Searches Triggered . | . . . . . . . . . Construction Impeded . | . . . . . . . . . Haulers Reinforced . | . . . . . . . . . Active Scanning Responses . | . . . . . . . . . Cargo Convoy Interrupts 1 | . . . . 1 . . . . Stealth | -11 -10 -10 -8 -7 -7 -7 -7 -7 --------- Run | Yrd Mat Sub Mat Fac Low Low Zio Dee Distress Signals 2 | . . . 2 . . . . . Communications Jammed . | . . . . . . . . . Distress Signals . | . . . . . . . . . Times Spotted 131 | . 4 17 55 32 13 4 . 6 Peak Tracking Total 5 | . 2 4 4 5 5 2 . 5 Tactical Retreats 22 | . . 1 12 3 5 1 . . Traps | -11 -10 -10 -8 -7 -7 -7 -7 -7 ------- Run | Yrd Mat Sub Mat Fac Low Low Zio Dee Traps Triggered 6 | . 1 . 2 3 . . . . Indirectly . | . . . . . . . . . Trap Hack Attempts . | . . . . . . . . . Triggered . | . . . . . . . . . Disarmed . | . . . . . . . . . Reprogrammed . | . . . . . . . . . Reused . | . . . . . . . . . Traps Extracted . | . . . . . . . . . Installed . | . . . . . . . . . Triggered 4 | . . . . 4 . . . . Machines | -11 -10 -10 -8 -7 -7 -7 -7 -7 ---------- Run | Yrd Mat Sub Mat Fac Low Low Zio Dee Machines Disabled 2 | . . . . 1 . 1 . . Max in Single Turn 1 | . . . . 1 . 1 . . Garrison Access 2 | . . . 1 1 . . . . Machines Repaired . | . . . . . . . . . Machines Dismantled . | . . . . . . . . . Machines Sabotaged . | . . . . . . . . . Overloaded Fab Kills . | . . . . . . . . . Hacking | -11 -10 -10 -8 -7 -7 -7 -7 -7 --------- Run | Yrd Mat Sub Mat Fac Low Low Zio Dee Machines Accessed 27 | . 2 1 12 8 3 . 1 . Terminals 13 | . 2 . 9 2 . . . . Fabricators 1 | . . . . 1 . . . . Repair Stations 2 | . . . . 2 . . . . Recycling Units 1 | . . . 1 . . . . . Scanalyzers 2 | . . . 1 1 . . . . Garrison Access 3 | . . . 1 2 . . . . Total Hacks 63 | . 3 2 33 19 5 . 1 . Successful 34 | . . 2 19 7 5 . 1 . Failed 29 | . 3 . 14 12 . . . . Catastrophic 7 | . 1 . 4 2 . . . . Database Lockouts . | . . . . . . . . . Manual 20 | . 3 . 11 1 . . 5 . Terminals 29 | . 3 . 23 3 . . . . Fabricators 1 | . . . . 1 . . . . Repair Stations 6 | . . . . 6 . . . . Recycling Units 3 | . . . 3 . . . . . Scanalyzers 10 | . . . 5 5 . . . . Garrison Access 6 | . . . 2 4 . . . . Terminal Hacks 18 | . . 2 10 . 5 . 1 . Record 5 | . . 2 . . 3 . . . Part Schematic 1 | . . . . . . . 1 . Open Door 2 | . . . . . 2 . . . Terminal Index 1 | . . . 1 . . . . . Unreport Threat 3 | . . . 3 . . . . . Locate Traps 4 | . . . 4 . . . . . Registered Components 2 | . . . 2 . . . . . Fabricator Hacks 1 | . . . . 1 . . . . Build 1 | . . . . 1 . . . . Repair Station Hacks 3 | . . . . 3 . . . . Scan Component 2 | . . . . 2 . . . . Repair 1 | . . . . 1 . . . . Recycling Unit Hacks . | . . . . . . . . . Scanalyzer 7 | . . . 5 2 . . . . Insert Component 4 | . . . 3 1 . . . . Analyze 3 | . . . 2 1 . . . . Garrison Access Hacks 2 | . . . 1 1 . . . . Seal Access 2 | . . . 1 1 . . . . Unauthorized Hacks 3 | . . . 3 . . . . . Terminals 1 | . . . 1 . . . . . Botnet 1 | . . . 1 . . . . . Fabricators . | . . . . . . . . . Repair Stations . | . . . . . . . . . Recycling Units 2 | . . . 2 . . . . . Reject 1 | . . . 1 . . . . . Mask 1 | . . . 1 . . . . . Scanalyzers . | . . . . . . . . . Garrison Access . | . . . . . . . . . Data Cores Recovered . | . . . . . . . . . Used . | . . . . . . . . . Hacking Detections 16 | . 2 . 8 6 . . . . Full Trace Events 1 | . 1 . . . . . . . Feedback Events . | . . . . . . . . . Feedback Blocked . | . . . . . . . . . Robot Schematics Acquired 3 | . . . . . . . 3 . Robots Built . | . . . . . . . . . Authchips . | . . . . . . . . . Time . | . . . . . . . . . Total Robot Build Rating . | . . . . . . . . . Part Schematics Acquired 18 | . . . 2 1 . . 15 . Parts Built 2 | . . . . 2 . . . . Authchips . | . . . . . . . . . Time 84 | . . . . 84 . . . . Total Part Build Rating 8 | . . . . 8 . . . . Parts Repaired 1 | . . . . 1 . . . . Time 38 | . . . . 38 . . . . Parts Recycled . | . . . . . . . . . Recycled Matter . | . . . . . . . . . Retrieved Matter . | . . . . . . . . . Retrieved Components . | . . . . . . . . . Parts Scanalyzed 3 | . . . 2 1 . . . . Part Schematics Acquired 3 | . . . 2 1 . . . . Parts Damaged . | . . . . . . . . . Bothacking | -11 -10 -10 -8 -7 -7 -7 -7 -7 ------------ Run | Yrd Mat Sub Mat Fac Low Low Zio Dee Used RIF Installer . | . . . . . . . . . Robots Hacked . | . . . . . . . . . Non-combat . | . . . . . . . . . Combat . | . . . . . . . . . Robot Hacks Applied . | . . . . . . . . . Relay Couplers Released . | . . . . . . . . . Fabnet Peak Effective % . | . . . . . . . . . Robots Rewired . | . . . . . . . . . Allies Hacked . | . . . . . . . . . Hacks Repelled . | . . . . . . . . . Allies | -11 -10 -10 -8 -7 -7 -7 -7 -7 -------- Run | Yrd Mat Sub Mat Fac Low Low Zio Dee Total Allies 3 | . . 3 . . . . . . Largest Group 3 | . . 3 1 . . . . . Highest-Rated Group 57 | . . 57 19 . . . . . Highest-Rated Ally 19 | . . 19 19 . . . . . Total Orders . | . . . . . . . . . Ally Attacks 25 | . . 23 2 . . . . . Total Damage 383 | . . 363 20 . . . . . Kills 6 | . . 5 1 . . . . . Allies Corrupted . | . . . . . . . . . Allies Melted . | . . . . . . . . . Intel | -11 -10 -10 -8 -7 -7 -7 -7 -7 ------- Run | Yrd Mat Sub Mat Fac Low Low Zio Dee Robot Analysis Total . | . . . . . . . . . Derelict Logs Recovered 4 | . . 1 . . 1 1 1 . Drone Launches . | . . . . . . . . . Drone Recoveries . | . . . . . . . . . Exploration | -11 -10 -10 -8 -7 -7 -7 -7 -7 ------------- Run | Yrd Mat Sub Mat Fac Low Low Zio Dee Turns Passed 12195 | 76 1096 3232 2580 1787 832 868 1335 389 Spaces Moved 7613 | 49 147 2311 1530 1147 614 599 987 229 Core 13 | 12 . . 1 . . . . . Treads 745 | . . 475 270 . . . . . Legs 597 | 37 147 299 114 . . . . . Wheels 6258 | . . 1537 1145 1147 614 599 987 229 Hover . | . . . . . . . . . Flight . | . . . . . . . . . Fastest Speed 50 | 50 120 80 90 95 123 123 123 150 Average Speed 121 | 110 140 118 123 106 123 123 130 150 Slowest Speed 400 | 120 190 240 400 125 123 140 150 150 Overloaded Moves . | . . . . . . . . . Propulsion Burnouts . | . . . . . . . . . Robots Hopped . | . . . . . . . . . Cave-ins Triggered . | . . . . . . . . . Exploration Rate (%) 54 | 5 23 96 85 33 68 65 86 33 Regions Visited 8 Branch Regions 5 Pre-discovered Areas 3 | . . 2 . . . . 1 . Known Exits Taken 1 | . . . . . 1 . . . Unknown Exits Taken 7 | 1 1 1 1 1 . 1 1 . Scrap Searched 14 | . . 7 . . 3 1 3 . Spaces Dug 17 | . . . 3 14 . . . . Terrain Destroyed 37 | . . 2 21 14 . . . . Melee 17 | . . . 3 14 . . . . Projectile 4 | . . 2 2 . . . . . AOE 16 | . . . 16 . . . . . Terrain Rammed . | . . . . . . . . . Walls Destroyed . | . . . . . . . . . Machines Disabled . | . . . . . . . . . Actions | -11 -10 -10 -8 -7 -7 -7 -7 -7 --------- Run | Yrd Mat Sub Mat Fac Low Low Zio Dee Total 10052 | 65 1027 2685 2024 1606 662 694 1036 253 Wait 1677 | 1 870 213 246 275 8 62 . 2 Move 7605 | 48 146 2310 1529 1146 613 598 986 229 Hop . | . . . . . . . . . Pick Up 103 | 7 1 14 32 29 5 7 8 . Fast Attach 69 | 7 1 11 32 10 . . 8 . Attach 44 | . . 5 5 9 5 5 6 9 Detach 17 | . . 5 2 3 . . 7 . Swap 71 | 1 2 24 15 18 6 2 3 . Drop 125 | . 2 26 48 28 3 1 17 . Fire 96 | 1 5 72 18 . . . . . Melee 240 | . . . 97 88 22 19 1 13 Ram . | . . . . . . . . . Kick . | . . . . . . . . . Crush . | . . . . . . . . . Escape Stasis . | . . . . . . . . . Rewire . | . . . . . . . . . Trap . | . . . . . . . . . Miscellaneous 5 | . . 5 . . . . . . Route ------- -11/Scrapyard -10/Materials -10/Subcaves (discovered 2 exits: *Mat x2) -8/Materials (discovered 2 exits: *Fac x2) -7/Factory -7/Lower Caves -7/Lower Caves (discovered 2 exits: *Fac / *Zio) -7/Zion (discovered 2 exits: [*Dee] / [*Pro]) -7/Deep Caves History --------- Turn | Location | Event 5 | -11/Scrapyard | Discovered new exit (range 16) 77 | -11/Scrapyard | Entered Materials 304 | -10/Materials | Build established: Mutant 1158 | -10/Materials | Discovered new exit (range 8) 1173 | -10/Materials | Entered Subcaves 1456 | -10/Subcaves | Learned location of Zion (-7) 1456 | -10/Subcaves | Met a Zionite searching for "candidates" 1744 | -10/Subcaves | Core integrity fell below 50% 2146 | -10/Subcaves | Build established: Scavenger-Mutant 2729 | -10/Subcaves | Disturbed a concealed Subdweller 2892 | -10/Subcaves | Shifting Twisted Machinery released Sub. Beam Cannon 2894 | -10/Subcaves | Shifting Twisted Machinery released Battle Rifle 2909 | -10/Subcaves | A swath of the cavern ceiling suddenly collapsed 2956 | -10/Subcaves | Discovered new exit (range 10) 2982 | -10/Subcaves | Visited Clippyterm 2985 | -10/Subcaves | Learned Factory garrison access intel 3054 | -10/Subcaves | Shifting Twisted Machinery released Shrapnel Trap 3057 | -10/Subcaves | Shifting Twisted Machinery released Hvy. Riot Gun 3083 | -10/Subcaves | Build established: Mutant 3099 | -10/Subcaves | Discovered new exit (range 9) 3404 | -10/Subcaves | Disturbed a concealed Subdweller 3724 | -10/Subcaves | Visited triangular shrine 3731 | -10/Subcaves | Found Prototype Device 3731 | -10/Subcaves | Identified V3-11A's Pendant 3736 | -10/Subcaves | Befriended Subdweller 3743 | -10/Subcaves | Shifting Twisted Machinery released Barrage Gun 3756 | -10/Subcaves | A swath of the cavern ceiling suddenly collapsed 3785 | -10/Subcaves | Shifting Twisted Machinery released Mak. Laser 3786 | -10/Subcaves | Befriended Subdweller 3786 | -10/Subcaves | Befriended Subdweller 4405 | -10/Subcaves | Entered Materials 4405 | -8/Materials | Accompanied by 1 ally 4405 | -8/Materials | Evolved 4 slots: Propulsion x2, Utility x2 5104 | -8/Materials | Build established: Gladiator 5584 | -8/Materials | Discovered new exit (range 16) 6100 | -8/Materials | Discovered new exit (range 11) 6985 | -8/Materials | Entered Factory 6985 | -7/Factory | Evolved 2 slots: Utility x2 6986 | -7/Factory | Loaded intel: 4 garrison access locations 7325 | -7/Factory | Fabricated Arm. Huge Wheel (x2) 7870 | -7/Factory | Repaired Hrd. Medium Armor Plating 8140 | -7/Factory | Lost 4 parts (1p1n2u) 8356 | -7/Factory | Cargo convoy interrupted 8686 | -7/Factory | Discovered new exit (range 15) 8772 | -7/Factory | Entered Lower Caves 9144 | -7/Lower Caves | Learned Research trap positions 9209 | -7/Lower Caves | Identified exit to Lower Caves 9604 | -7/Lower Caves | Entered another Lower Caves area 9605 | -7/Lower Caves | Identified exit to Factory 9632 | -7/Lower Caves | Attacked by a delusional Derelict stockpiling parts 9688 | -7/Lower Caves | Lost 3 parts (3u) 9717 | -7/Lower Caves | Learned Factory security intel 10467 | -7/Lower Caves | Discovered new exit (range 5) 10472 | -7/Lower Caves | Entered Zion 10568 | -7/Zion | Found GAL Module 10588 | -7/Zion | System corruption cleaned by Quarantine Array 10640 | -7/Zion | Visited the Megawrench Repair Shop 10640 | -7/Zion | Megawrench repaired 9 parts 10680 | -7/Zion | Discovered new exit (range 15) 10848 | -7/Zion | Learned location of Armory (-3) 10856 | -7/Zion | Learned 4 Factory zone layouts 11369 | -7/Zion | Found Prototype Processor 11369 | -7/Zion | Identified Exp. Targeting Computer 11372 | -7/Zion | Found Prototype Processor 11372 | -7/Zion | Identified Spectral Analyzer 11375 | -7/Zion | Found Prototype Processor 11375 | -7/Zion | Identified Exp. Armor Integrity Analyzer 11379 | -7/Zion | Found Prototype Processor 11379 | -7/Zion | Identified Exp. Terrain Scan Processor 11382 | -7/Zion | Found Prototype Processor 11382 | -7/Zion | Identified Exp. Melee Analysis Suite 11393 | -7/Zion | Found Prototype Hackware 11393 | -7/Zion | Identified Exp. Hacking Suite 11612 | -7/Zion | Acquired unknown access codes intercepted by a Zionite 11748 | -7/Zion | Opened final containment barrier to the Deep Caves 11804 | -7/Zion | Discovered new exit (range 3) 11804 | -7/Zion | Saw the warning signs outside the Deep Caves entrance 11807 | -7/Zion | Entered Deep Caves 12135 | -7/Deep Caves | Attacked by Z-Imprinter 12146 | -7/Deep Caves | Z-Facility disabled 12171 | -7/Deep Caves | Core integrity fell below 50% 12187 | -7/Deep Caves | Core integrity fell below 20% 12196 | -7/Deep Caves | Destroyed by L0-AM3(z) with Zionite Laser-S Last Messages --------------- 11882_ Acquired 15 matter. 11883_ Acquired 18 matter. 12122_ P7-AVH(o) is busy at the terminal. 12124_ NEW_ZION: Z-Facility proximity alert. Z-Imprinter: GET AWAY FROM HERE! I've worked too hard for our future just to have you ruin everything! 12146_ Z-Facility disabled. 12156_ Exp. Hacking Suite destroyed. 12161_ Imp. Medium Armor Plating destroyed. 12163_ Imp. Shield Generator destroyed. 12165_ Neutrino Core destroyed. 12171_ Great Axe destroyed. 12172_ JP-F9V(z) suffers critical hit (Impale). 12176_ Broken Arm. Huge Wheel destroyed. 12177_ Lyr. Medium Armor Plating destroyed. 12185_ JP-F9V(z) destroyed. 12186_ Arm. Wheel destroyed. 12186_ Broken Arm. Huge Wheel destroyed. 12192_ Rnf. Deuterium Engine destroyed. Map ----- +----------------------------------------------------+ | ???????????????????????????????? # | | ???????????????????????????????? | | ????????????????????????????????? | | ????????????????????????????????? | | ???????????????????????????????? | | ???????????????????????????????? # | | ???????????????????????????????? ## | | ???????????????????????????????? #? | | ???????????????????????????????? ## | | ???????????????????????????????? # | | ??????????????????????????? ???? # | | ??????????????????????????? ?? # | | ??????????????????????????? ## | | ?????????????????????????? ## | | ?????????????????""?????? # | | ?????????????????" ?????? # | | ?????????????????" ????? ## | | ???????????????""" ???"" ##? | | ???????????????""" """"""" ##? | | ????????? ???""" """"""" ## | | ???????? ?"""" """"""" # | | ????? """" """"" # | | ???? """" """ ## | | ?? """" #? | | ? """" "" " o ## | | ? """ !@I # | | ? =%! # | | ? !* | | ? z | | ?? | | ?? | | ??? | | ??? ##### | | ??? ### ####???### #### | | ???? ???## ##????????######??## | | ?????????### #####??????????????????## ## | | ???????????####;######???????????????????????####? | | ?????????????????????????????????????????????????? | | | | | | | | | | | | | | | | | | | | | | | | | +----------------------------------------------------+ Best States ------------- Heat Dissipation 41 Energy Generation 19 Energy Capacity 315 Matter Stores 300 Matter Capacity 300 Sight Range 16 Terrain Scan Range 16 Terrain Scan Density 1010 Armor Coverage 800 Melee Speed Boost 20 Evasion (%) 55 Targeting Accuracy 12 Melee Accuracy 15 Armor Integrity Analysis 50 Recoil Reduction 3 Offensive Hacking 16 Item Schematics ----------------- Great Axe | -8/Materials | Scanalyzed Melee Analysis Suite | -8/Materials | Scanalyzed Arm. Huge Wheel | -7/Factory | Scanalyzed Ripper | -7/Zion | Free Mak. Transmission Jammer | -7/Zion | Archive Mak. Leg | -7/Zion | Archive Imp. Titanium Leg | -7/Zion | Archive Magnetic Acceleration Cannon | -7/Zion | Archive Imp. Weapon Cycler | -7/Zion | Archive Greatsword | -7/Zion | Archive Hvy. Plasma Cannon | -7/Zion | Archive Adv. ECM Suite | -7/Zion | Archive Imp. Core Shielding | -7/Zion | Archive Mak. Flight Unit | -7/Zion | Archive Nuclear Pulse Thruster | -7/Zion | Archive Gauss Cannon | -7/Zion | Archive Antigrav System | -7/Zion | Archive Lightning Gun | -7/Zion | Archive Robot Schematics ------------------ C-57 Dissector | -7/Zion | Archive A-02 Transporter | -7/Zion | Archive S-27 Virus | -7/Zion | Archive Fabricated ------------ Arm. Huge Wheel | x2 | -7/Factory | Preloaded Alien Tech Used ----------------- None Achievements -------------- Signs Are For Wimps Challenges ------------ None Game ------ Seed SubdwellerMiningSaw Manual? 0 Play Time 01:35:53 Cumulative 75.0 hours Start 2024.04.10 @ 12:59:45 End 2024.04.10 @ 14:37:38 Sessions 1 Manual Loads 0 Difficulty Rogue Special Mode None Game No. 68 Rogue 68 Adventurer 0 Explorer 0 Win Type - Total 1 Types 1/0/0/0/0/0/0/0/0 Lore% 39 Gallery% 54 Achievement% 46 Wizard Run 0 Options --------- Layout 2 ASCII 0 Keyboard 0 Movement Mouse Keybinds 0 Fullscreen 2 Font 32/SmallcapsGlow Map View 50x44 Zoom Use 0% Tactical HUD 1 Map Filters NONE Filters NONE Steam 1 RUN: 7c778272-3d02-4e1f-a243-ec1ddbefeab6